 Dungeon Crawl Stone Soup version 0.29-a0-271-gd4eb659eea (webtiles) character file.

Game seed: 2758084876091992123

79 enile the Skirmisher (level 4, -2/37 HPs)
             Began as a Djinni Fire Elementalist on Mar 8, 2022.
             Was a Priest of Zin.
             Slain by an orc
             ... wielding a +0 club
              (3 damage)
             ... on level 3 of the Dungeon.
             The game lasted 00:01:57 (3299 turns).

enile the Skirmisher (Djinni Fire Elementalist)     Turns: 3299, Time: 00:01:57

Health: -2/37      AC:  5    Str:  7    XL:     4   Next: 62%
Gold:   141        EV: 12    Int: 19    God:    Zin [***...] SH:  0 Dex: 13

rFire   + + .      SeeInvis .   m - +0 dagger (speed)
rCold   x . .      Faith    .   (no shield)
rNeg    + . .      Spirit   .   a - +0 robe
rPois   ∞          Reflect  .   (no helmet)
rElec   .          Harm     .   (no cloak)
rCorr   .          Rampage  .   i - +0 pair of gloves
Will    .....                   (boots unavailable)
Stlth   ++........              (no amulet)
HPRegen 0.12/turn               g - ring of positive energy
MPRegen 0.00/turn               (no ring)

@: flying, very slightly contaminated
A: sickness immunity, fire resistance 2, cold vulnerability 1, float, innate
caster, HP casting, extra vitality 1, iridescent scales 1
a: Renounce Religion, Recite, Vitalisation, Imprison, Donate Gold


You were on level 3 of the Dungeon.
You worshipped Zin.
Zin was most pleased with you.
You visited 1 branch of the dungeon, and saw 3 of its levels.

You collected 156 gold pieces.
You donated 15 gold pieces to Zin.

Inventory:

Hand Weapons
 j - a +0 spear
 m - a +0 dagger of speed (weapon)
Armour
 a - a +0 robe (worn)
 i - a +0 pair of gloves (worn)
Jewellery
 g - a ring of positive energy (left hand)
Scrolls
 c - a scroll of vulnerability {unknown}
 d - a scroll of blinking {unknown}
 e - a scroll of teleportation {unknown}
 f - a scroll of silence {unknown}
 k - a scroll of identify {unknown}
 l - a scroll of fear {unknown}
 n - a scroll of enchant armour {unknown}
Potions
 h - a potion of might {unknown}
 o - a potion of attraction {unknown}


   Skills:
 + Level 3.8 Fighting
 - Level 2.1 Dodging
 - Level 1.5 Stealth
 - Level 2.4 Spellcasting


You couldn't memorise any spells.
You knew the following spells:

 Your Spells              Type           Power      Damage    Failure   Level
a - Foxfire               Conj/Fire      44%        2x1d6     6%          1
b - Scorch                Fire           22%        2d6       9%          2
c - Conjure Flame         Conj/Fire      11%        6-21      19%         3
d - Inner Flame           Hex/Fire       11%        N/A       19%         3
e - Flame Wave            Conj/Fire      11%        2d5       52%         4
f - Beastly Appendage     Tmut           22%        N/A       6%          1
Your spell library was empty.

Dungeon Overview and Level Annotations

Branches:
Dungeon (3/15)

Altars:
Zin


Innate Abilities, Weirdness & Mutations

You are immune to sickness and miasma.
You are immune to poison.
Your flesh is very heat resistant. (rF++)
You are vulnerable to cold. (rC-)
You float through the air rather than walking.
You learn spells naturally, not from books.
Your magical power is your life essence.
You have superior vitality. (+4 MHP)
You are partially covered in iridescent scales. (AC +2)


Message History

Confirm with . or Enter, or press ? or * to list all spells.
You conjure some foxfire!
The foxfire hits the orc.
The orc is heavily wounded.
An orc comes into view. It is wielding a +0 club.
There are monsters nearby!
Casting: Foxfire (safe; 6% risk of failure)
Confirm with . or Enter, or press ? or * to list all spells.
You miscast Foxfire.
You are very lightly contaminated with residual magic.
Nothing appears to happen.
The orc drinks a potion.
The orc is healed!
An orc priest comes into view. It is wielding a +0 mace.
There are monsters nearby!
Casting: Foxfire (safe; 6% risk of failure)
Confirm with . or Enter, or press ? or * to list all spells.
You miscast Scorch.
Nothing appears to happen.
An orc comes into view.
It is wielding a +2 falchion of distortion.
The orc hits you with a +0 club.
Casting: Scorch (safe; 9% risk of failure)
Confirm with . or Enter, or press ? or * to list all spells.
Aiming: Inner Flame (quite dangerous; 19% risk of failure)
Press: ? - help, Dir - move target, f - orc
Aim: an orc, wielding a +0 club (chance to affect: 78%)
You miscast Inner Flame.
Nothing appears to happen.
The orc misses you.
The orc priest invokes the aid of Beogh against you.
Beogh smites you! The orc barely misses you.
You hear a shout!
The orc attacks as you move away! The orc closely misses you.
The foxfire hits the orc.
The orc is severely wounded.
The orc attacks as you move away! The orc closely misses you.
It was a potion of mutation.
You feel extremely strange. Zin protects your body from mutation!
Iridescent scales grow over part of your body.
Zin forgives your inadvertent chaotic act, just this once.
The orc priest mumbles some strange prayers to Beogh against you.
Beogh smites you!
* * * LOW HITPOINT WARNING * * *
The orc hits you with a +0 club.
You die...

#....##.##.# #......>
#.#.###.##.###
#....... #
#.o........####.##.##.
#..##.##...........###
#.........[........
.o.............###
#.#######.######
#o#######.#
#..o@.....#
###########


You could see an orc priest and an orc.

Vanquished Creatures
  2 adders
  2 dart slugs
  5 orcs (D:3)
  3 ball pythons (D:1)
  6 bats
  3 endoplasms
  A giant cockroach (D:3)
  A hobgoblin (D:3)
  5 jackals
  4 kobolds
  3 quokkas
  A frilled lizard (D:1)
  7 goblins
  6 rats
49 creatures vanquished.

Vanquished Creatures (others)
  151 foxfires
151 creatures vanquished.

Grand Total: 200 creatures vanquished

Notes
Turn   | Place    | Note
-------+----------+-------------------------------------------
     0 | D:1      | enile the Djinni Fire Elementalist began the quest for the
                  | Orb.
     0 | D:1      | Reached XP level 1. HP: 15/15 MP: 0/0
    71 | D:1      | Reached skill level 1 in Fighting
   530 | D:1      | Reached XP level 2. HP: 21/22 MP: 0/0
  1073 | D:1      | Reached skill level 2 in Fighting
  1162 | D:1      | Found a faded altar of an unknown god.
  1328 | D:1      | Prayed at the altar of an unknown god.
  1328 | D:1      | Became a worshipper of Zin the Law-Giver
  1328 | D:1      | Reached * piety under Zin
  1647 | D:2      | Reached XP level 3. HP: 27/29 MP: 0/0
  1647 | D:2      | Learned a level 1 spell: Beastly Appendage
  1816 | D:2      | Reached ** piety under Zin
  2203 | D:2      | Reached *** piety under Zin
  2486 | D:2      | Reached skill level 3 in Fighting
  2706 | D:3      | Reached XP level 4. HP: 33/35 MP: 0/0
  3299 | D:3      | Gained mutation: You are partially covered in iridescent
                  | scales. (AC +2) [potion of mutation]
  3299 | D:3      | HP: 1/37 [orc priest/divine providence (12)]
  3299 | D:3      | Slain by an orc

Illustrated notes

Levels and vault maps discovered:
D:1:      onia_arrival_pyramid, layout_basic,
          shapermc_ecumenical_altar_starsandcircs
D:2:      layout_basic, minmay_domino_2
D:3:      layout_loops_ring

Skill      XL: |  1  2  3 |
---------------+----------+-----
Fighting       | 1 2 3 |  3.8
Dodging        | |  2.1
Stealth        | |  1.5
Spellcasting   | |  2.4

Action                   |  1- 3 |  4- 6 || total
-------------------------+-------+-------++-------
 Cast: Foxfire           |    68 |    26 ||    94
       Scorch            |     7 |     5 ||    12
       Inner Flame       |       |     1 ||     1
  Use: Potion            |       |     1 ||     1
Armor: Robe              |     2 |       ||     2
Dodge: Dodged            |     5 |    11 ||    16

Table legend: (Time is in decaauts)
 A = Elapsed time spent in this place.
 B = Non-inter-level travel time spent in this place.
 C = Inter-level travel time spent in this place.
 D = Time resting spent in this place.
 E = Time spent auto-exploring this place.
 F = Levels seen in this place.
 G = Mean time per level.
                   A        B        C        D        E       F      G
               +--------+--------+--------+--------+--------+-----+--------+
         Total |   3297 |   3118 |    179 |      0 |   2779 |   3 | 1099.0 |
       Dungeon |   3297 |   3118 |    179 |      0 |   2779 |   3 | 1099.0 |
               +--------+--------+--------+--------+--------+-----+--------+

Top non-repeatable levels by time:
     D:1: 1396 daAuts
     D:2: 1197 daAuts
     D:3: 703 daAuts
